 Dungeon Crawl Stone Soup version 0.25.1-1-g288607f5aa (webtiles) character file.

Game seed: 2515587368216789872

(classic levelgen) 2699 EnegeticOcto the Cleaver (level 9, 34/74 HPs)
             Began as a Deep Dwarf Fighter on July 27, 2020.
             Was an Initiate of Makhleb.
             Quit the game on level 10 of the Dungeon.
             The game lasted 00:07:17 (1365 turns).

EnegeticOcto the Cleaver (Deep Dwarf Fighter)       Turns: 1365, Time: 00:07:18

Health: 34/74      AC: 14    Str: 22    XL:     9   Next: 38%
Magic:  6/6        EV:  3    Int: 10    God:    Makhleb [......]
Gold:   72         SH:  9    Dex: 12    Spells: 8/8 levels left

rFire    . . .     SeeInvis .   a - +0 war axe
rCold    . . .     Gourm    .   c - +0 kite shield
rNeg     . . .     Faith    .   y - +0 plate armour
rPois    .         Spirit   .   (no helmet)
rElec    .         Reflect  .   j - +0 cloak
rCorr    .         Harm     .   A - +0 pair of gloves
MR       +....                  i - +0 pair of boots
Stlth    ..........             (no amulet)
HPRegen  0.00/turn              u - ring of attention (curse)
MPRegen  0.10/turn              t - ring of wizardry

@: non-regenerating, lightly drained
A: damage resistance, heal wounds, sense surroundings 2, no regeneration
a: Heal Wounds, Renounce Religion


You were on level 10 of the Dungeon.
You worshipped Makhleb.
Makhleb was noncommittal.
You were not hungry.

You visited 2 branches of the dungeon, and saw 11 of its levels.
You also visited: Ossuary.

You collected 72 gold pieces.

Inventory:

Hand Weapons
 a - a +0 war axe (weapon)
Missiles
 k - 2 throwing nets (quivered) {!f}
 s - 2 boomerangs
Armour
 b - a +0 scale mail
 c - a +0 kite shield (worn)
 i - a +0 pair of boots (worn)
 j - a +0 cloak (worn)
 o - a +0 chain mail
 y - a +0 plate armour (worn)
 A - a +0 pair of gloves (worn)
Jewellery
 t - a ring of wizardry (right hand)
 u - a cursed ring of attention (left hand)
Scrolls
 l - 2 scrolls of random uselessness
 w - a scroll of teleportation {@r3 !r}
 x - a scroll of remove curse {unknown}
Potions
 d - a potion of might {@q3 !q}
 f - a potion of degeneration {unknown}
 g - a potion of resistance {unknown}
 h - 3 potions of haste {@q4 !q}
 m - a potion of flight {unknown}
 n - 3 potions of heal wounds {@q2 !q}
 p - 3 potions of curing {@q1 !q}
 q - a potion of ambrosia {unknown}
 r - a potion of stabbing {unknown}
 z - a potion of cancellation {unknown}
Comestibles
 e - 4 rations
 v - 7 chunks of flesh


   Skills:
 - Level 2.6(2.2) Fighting
 + Level 12.8(12.2) Axes
 - Level 3.2(2.8) Armour
 - Level 3.2(2.8) Shields
 - Level 6.0(5.4) Invocations


You had 8 spell levels left.
You didn't know any spells.
Your spell library was empty.

Dungeon Overview and Level Annotations

Branches:
Dungeon (10/15)            Temple (1/1) D:4            Lair (0/6) D:10
Ossuary (visited)
    Orc: D:9-12

Altars:
Ashenzari
Cheibriados
Dithmenos
Elyvilon
Fedhas
Gozag
Hepliaklqana
Kikubaaqudgha
Makhleb
Nemelex Xobeh
Okawaru
Sif Muna
Uskayaw
Vehumet
Xom
Yredelemnul

Shops:
D:5 [


Innate Abilities, Weirdness & Mutations

You are resistant to damage.
You can heal yourself by infusing magical energy.
You passively map the area around you.
You do not regenerate.


Message History

No target in view!
No target in view!
No target in view!
No target in view!
No target in view!
You see here a pair of gloves.
A - a pair of gloves You start putting on your armour.
You continue putting on your pair of gloves. x4
You finish putting on your +0 pair of gloves.
The orc warrior shouts!
You hear a shout! x2
The orc warrior hits you with a +0 flail!
You closely miss the orc warrior. The orc warrior barely misses you.
You closely miss the orc warrior. You block the orc warrior's attack.
You slash the orc warrior!
The orc warrior is heavily wounded.
You block the orc warrior's attack.
You feel much better.
You closely miss the orc warrior.
The orc warrior is heavily wounded.
The orc warrior hits you with a +0 flail!
You closely miss the orc warrior.
The orc warrior is heavily wounded.
The orc warrior hits you with a +0 flail.
You hit the orc warrior.
The orc warrior is severely wounded.
The orc warrior hits you but does no damage.
Your shield and plate armour prevent you from hitting the orc warrior.
The orc warrior is severely wounded.
The orc warrior barely misses you.
You hit the orc warrior.
The orc warrior is severely wounded.
You hit the orc warrior but do no damage.
The orc warrior is severely wounded.
You block the orc warrior's attack.
You closely miss the orc warrior.
The orc warrior is severely wounded.
You block the orc warrior's attack.
You hit the orc warrior.
The orc warrior is almost dead.
The orc warrior hits you with a +0 flail.
You hit the orc warrior but do no damage.
The orc warrior is almost dead.
The orc warrior hits you with a +0 flail.
You slash the orc warrior!
You kill the orc warrior!
Makhleb accepts your kill.
No target in view!
No target in view!
No target in view!
No target in view!
Items here: )) [ † a +0 flail; a +0 chain mail; a +0 whip; an orc corpse No target in view!
No target in view!
No target in view!
No target in view!
No target in view!
No target in view!
No target in view!
No target in view!
No target in view!
No target in view!
No target in view!
No target in view!
Items here: )) [ † a +0 flail; a +0 chain mail; a +0 whip; an orc corpse An orc comes into view.
It is wielding a +0 falchion.
You open the door.
The orc shouts!
A quasit comes into view.
The quasit bites you.
The quasit claws you but does no damage. x2
There is an open door here.
An orc and an electric eel come into view.
The orc shouts!
You block the quasit's attack.
The quasit claws you but does no damage. x2
The electric eel shoots out a bolt of lightning at you!
The bolt of electricity hits you.
The electric eel shoots out a bolt of lightning at you!
The bolt of electricity hits the plant.
The bolt of electricity hits the plant!
The bolt of electricity hits you!
The quasit bites you but does no damage.
You block the quasit's attack. x2
An electric eel comes into view.
The quasit bites you but does no damage.
The quasit claws you but does no damage. x2
The electric eel shoots out a bolt of lightning at you!
The bolt of electricity hits the plant!
The bolt of electricity hits you!
Found a scroll of identify.
The electric eel shoots out a bolt of lightning at you!
The bolt of electricity hits the plant!
The bolt of electricity hits you!
The electric eel shoots out a bolt of lightning at you!
The bolt of electricity hits the plant.
The bolt of electricity hits you.
A steam dragon comes into view.
The quasit bites you but does no damage.
You block the quasit's attack.
The quasit claws you but does no damage.
Are you sure you want to abandon this character and quit the game? (Confirm with "yes".)

,,,,** * , * , + #...#,, ,
.. , #...#+###+#... *, *
#.......?.....###### *
#.................(. * ,
#................... ≈ *..
#................... ≈≈
≈.######...................
≈ ,
..........@.....D........<.
,
..........5................
,
................####++####..
,≈≈ .≈≈♣♣♣.........##≈ ≈ ,
##. ≈≈≈≈P≈P♣.......##
,,≈≈≈≈## ≈P≈;;P♣.....## ≈≈,
≈§≈≈≈# ≈ ≈≈≈≈≈≈♣...o.##≈≈ ≈
§§≈≈≈ ≈ ≈≈ ≈PP≈♣≈o....## ≈≈
≈ §≈≈≈≈ ≈≈≈≈≈♣♣♣.......# ≈
§≈≈≈≈


You could see a steam dragon, 2 electric eels, a quasit and 2 orcs.

Vanquished Creatures
  Pikel (D:5)
  2 wyverns
  Menkaure (D:5)
  3 orc warriors
  3 slaves (D:5)
  5 ogres
  A centaur (D:5)
  3 wights (D:5)
  A howler monkey (D:5)
  A crimson imp (D:5)
  A bullfrog zombie (D:5)
  3 hounds
  3 centaur zombies (Ossuary)
  Crazy Yiuf (D:5)
  4 orc priests
  A bullfrog skeleton (D:5)
  2 orc wizards
  An iguana (D:9)
  4 worker ants
  2 big kobold zombies (Ossuary)
  5 mummies (Ossuary)
  A worker ant zombie (D:6)
  8 adders
  3 shadow imps
  3 adder zombies
  An adder skeleton (D:6)
  A worm (D:5)
  3 leopard geckos
  15 orcs
  3 giant cockroaches
  A goblin (D:2)
  3 hobgoblins
  5 jackals
  A quokka (D:2)
  A ball python (D:5)
  A frilled lizard (D:2)
  2 hobgoblin zombies (Ossuary)
  A kobold (D:1)
  A leopard gecko skeleton (D:4)
  A rat (D:1)
103 creatures vanquished.

Vanquished Creatures (others)
  A centaur skeleton (D:5)
1 creature vanquished.

Grand Total: 104 creatures vanquished

Notes
Turn   | Place    | Note
-------+----------+-------------------------------------------
     0 | D:1      | EnegeticOcto the Deep Dwarf Fighter began the quest for the
                  | Orb.
     0 | D:1      | Reached XP level 1. HP: 20/20 MP: 1/1
    68 | D:2      | Reached skill level 3 in Axes
    68 | D:2      | Reached XP level 2. HP: 24/27 MP: 2/2
   113 | D:2      | Reached skill level 4 in Axes
   113 | D:2      | Reached XP level 3. HP: 29/33 MP: 3/3
   206 | D:4      | Found a shattered altar of Ashenzari.
   224 | D:4      | Reached XP level 4. HP: 40/40 MP: 4/4
   241 | D:5      | Entered Level 5 of the Dungeon
   241 | D:5      | Noticed a centaur
   260 | D:5      | Killed a centaur
   260 | D:5      | Reached skill level 5 in Axes
   260 | D:5      | Reached XP level 5. HP: 21/46 MP: 5/5
   273 | D:5      | Reached skill level 6 in Axes
   302 | D:5      | Reached skill level 7 in Axes
   302 | D:5      | Reached XP level 6. HP: 49/55 MP: 6/6
   344 | D:5      | Found Roluvetu's Antique Armour Boutique.
   377 | D:5      | Noticed Menkaure
   388 | D:5      | Your magical essence is drained by the effort!
   395 | D:5      | Killed Menkaure
   395 | D:5      | Reached skill level 8 in Axes
   403 | D:5      | Found a runed translucent door.
   404 | D:5      | Noticed Crazy Yiuf
   416 | D:5      | Paralysed by Crazy Yiuf for 3 turns
   419 | D:5      | Your magical essence is drained by the effort!
   422 | D:5      | Killed Crazy Yiuf
   422 | D:5      | Reached XP level 7. HP: 59/61 MP: 5/5
   460 | D:6      | Found a sand-covered staircase.
   465 | Ossuary  | Entered an ossuary
   482 | Ossuary  | Reached skill level 9 in Axes
   557 | D:6      | Found an opulent altar of Gozag.
   610 | D:5      | Reached skill level 10 in Axes
   647 | D:5      | Reached XP level 8. HP: 68/68 MP: 6/6
   670 | D:5      | Noticed Pikel
   678 | D:5      | Your magical essence is drained by the effort!
   681 | D:5      | Your magical essence is drained by the effort!
   696 | D:5      | Killed Pikel
   696 | D:5      | Reached skill level 11 in Axes
   721 | D:4      | Reached skill level 12 in Axes
   724 | D:4      | Found a staircase to the Ecumenical Temple.
   736 | Temple   | Entered the Ecumenical Temple
   755 | Temple   | Became a worshipper of Makhleb the Destroyer
   856 | D:5      | Reached skill level 1 in Invocations
   922 | D:5      | Reached skill level 2 in Invocations
   948 | D:6      | Found a white marble altar of Elyvilon.
   954 | D:6      | Found a radiant altar of Vehumet.
   954 | D:6      | Found an ancient bone altar of Kikubaaqudgha.
   954 | D:6      | Found a shimmering altar of Xom.
  1059 | D:8      | Your magical essence is drained by the effort!
  1065 | D:8      | Reached skill level 3 in Invocations
  1067 | D:8      | Your magical essence is drained by the effort!
  1073 | D:8      | Your magical essence is drained by the effort!
  1078 | D:8      | Reached skill level 4 in Invocations
  1078 | D:8      | Gained mutation: You passively map the area around you.
                  | [Deep Dwarf growth]
  1078 | D:8      | Reached XP level 9. HP: 72/74 MP: 3/5
  1134 | D:9      | Reached skill level 5 in Invocations
  1167 | D:9      | Found an iron altar of Okawaru.
  1197 | D:10     | Entered Level 10 of the Dungeon
  1236 | D:10     | Reached skill level 6 in Invocations
  1265 | D:10     | Found a staircase to the Lair.
  1365 | D:10     | Quit the game

Illustrated notes

Levels and vault maps discovered:
D:1:      beargit_arrival_greenhouse, layout_loops_ring
D:2:      layout_loops_ring, nicolae_qazlal_general_emergency,
          nicolae_ru_great_annihilating_truth, feat_on_display
D:3:      layout_loops_corners, fedhas_altar_3
D:4:      layout_loops_corners, lemuel_doored_altar,
          minmay_temple_entry_water_ring, first_ration,
          ebering_ghost_disaster_area
D:5:      layout_basic, serial_shops, shop, chequers_serial_rivers_small_b,
          minmay_joined_circles, uniq_menkaure, uniq_pikel,
          uniq_crazy_yiuf_cottage
D:6:      layout_loops_ring, minitemple, nicolae_ossuary_entry_ruins,
          nicolae_gozag_seed_capital
D:7:      layout_basic
D:8:      layout_loops_ring, hangedman_pestilent_swarm, uniq_psyche,
          uniq_gastronok
D:9:      layout_long_grid, okawaru_trees_2, serial_glass, glass_columns_a,
          glass_columns_a, unseen_surprise_small, item_on_display_a,
          minmay_gold_behind_fungi
D:10:     kennysheep_big_flooded_room, layout_irregular_city, lair_entry_dummy,
          serial_shops, shop, serial_bayou_ford_a, nooodl_food_tri
Temple:   minmay_temple_bridge_abc

Skill      XL: |  1  2  3  4  5  6  7  8  9 |
---------------+----------------------------+-----
Axes           | 3 4 5 7 8 10 12 | 12.8
Invocations    | 4 6 |  6.0
Fighting       | |  2.6
Armour         | |  3.2
Shields        | |  3.2

Action                   |  1- 3 |  4- 6 |  7- 9 || total
-------------------------+-------+-------+-------++-------
Melee: War axe           |    29 |    89 |   267 ||   385
 Abil: Heal Wounds       |     1 |     5 |    19 ||    25
  Use: Scroll            |       |       |     6 ||     6
 Stab: Invisible         |       |     1 |       ||     1
  Eat: Chunk             |       |       |     2 ||     2
Armor: Scale mail        |    24 |    26 |   105 ||   155
       Chain mail        |       |       |    19 ||    19
       Plate armour      |       |       |    11 ||    11
Dodge: Dodged            |    16 |    31 |    77 ||   124
Block: Kite shield       |    30 |    55 |   160 ||   245
